 Dungeon Crawl Stone Soup version 0.31-a0-506-g3d79149578 (webtiles) character file.

Game seed: 15743927829172468536

11 Ethylacetat the Ducker (level 2, -2/19 HPs)
             Began as an Octopode Gladiator on Aug 9, 2023.
             Slain by a goblin
             ... wielding a +0 club
              (4 damage)
             ... on level 1 of the Dungeon.
             The game lasted 00:00:19 (86 turns).

Ethylacetat the Ducker (Octopode Gladiator)           Turns: 86, Time: 00:00:20

Health: -2/19      AC:  1    Str: 13    XL:     2   Next: 25%
Magic:  2/2        EV: 14    Int: 10    God:
Gold:   0          SH:  0    Dex: 13    Spells: 1/1 levels left

rFire   . . .        a - +0 long sword
rCold   . . .        (no shield)
rNeg    . . .        b - +0 hat
rPois   .            (no amulet)
rElec   .            (no ring)
rCorr   .            (no ring)
SInv    .            (no ring)
Will    .....        (no ring)
Stlth   +++          (no ring)
HPRegen 0.23/turn    (no ring)
MPRegen 0.08/turn    (no ring)
                     (no ring)

%: no passive effects
@: no status effects
A: almost no armour, amphibious, 8 rings, camouflage 1, gelatinous body 1,
(nimble swimmer 1), tentacles
a: no special abilities


You were on level 1 of the Dungeon.
You visited 1 branch of the dungeon, and saw 1 of its levels.

Inventory:

Hand Weapons
 a - a +0 long sword (weapon)
Missiles
 c - 3 throwing nets (quivered)
 d - a javelin
Armour
 b - a +0 hat (worn)
Jewellery
 e - a +6 ring of intelligence


   Skills:
 + Level 2.2 Fighting
 + Level 3.1 Long Blades
 - Level 2.0 Throwing
 + Level 3.2 Dodging
 + Level 1.1 Stealth


You had one spell level left.
You didn't know any spells.
Your spell library was empty.

Dungeon Overview and Level Annotations

Branches:
Dungeon (1/15)

Altars:


Innate Abilities, Weirdness & Mutations

You cannot wear most types of armour.
You are amphibious.
You can wear up to eight rings at the same time.
Your skin changes colour to match your surroundings (Stealth+).
Your rubbery body absorbs attacks. (AC +1, EV +1)
((You are camouflaged when in or above water. (Stealth+)))
You have tentacles for arms and can constrict up to eight enemies at once.


Message History

You hear a shout!
The giant cockroach closely misses you. The hobgoblin closely misses you.
The giant cockroach barely misses you. The dart slug launches a dart at you.
The slug dart misses you.
You release your grip on the giant cockroach.
The giant cockroach barely misses you.
You hit the giant cockroach. You grab the giant cockroach.
The giant cockroach is heavily wounded.
You constrict the giant cockroach.
The hobgoblin hits you but does no damage.
The giant cockroach barely misses you. The hobgoblin hits you.
You slash the giant cockroach!
You kill the giant cockroach!
The hobgoblin hits you.
* * * LOW HITPOINT WARNING * * *
The dart slug closely misses you.
You hit the dart slug. You grab the dart slug. You squeeze the dart slug.
The dart slug is severely wounded.
You constrict the dart slug.
You kill the dart slug!
The hobgoblin completely misses you.
Your Stealth skill increases to level 1!
You have reached level 2!
You closely miss the hobgoblin. You grab the hobgoblin.
You squeeze the hobgoblin.
The hobgoblin is almost dead.
You constrict the hobgoblin.
You kill the hobgoblin!
The ball python bites you.
* * * LOW HITPOINT WARNING * * *
The ball python grabs you. The ball python constricts you.
* * * LOW HITPOINT WARNING * * *
You slash the ball python!
You kill the ball python!
The goblin barely misses you. The goblin hits you with a +0 dagger.
* * * LOW HITPOINT WARNING * * *
You see here a hobgoblin corpse.
The goblin attacks as you move away! The goblin hits you with a +0 club.
You die...

~~..~###.#### .#
~..~~#......# ...#
..~~~###.#..# ...#
~~~~.#......# ...#
....8.......######...###
+###..#.#...#...........
........†....[..........
#........##...g.......
#.##.##.######@#...#.
#.....>.# #g# ..#
####.#### #.# # #.# ...
# #.# #.# # #.# #.? #
#.# #.# ######.# ...
.......#


You could see 2 goblins.

Vanquished Creatures
  A dart slug (D:1)
  A giant cockroach (D:1)
  A goblin (D:1)
  2 hobgoblins (D:1)
  A quokka (D:1)
  A ball python (D:1)
  A rat (D:1)
8 creatures vanquished.

Notes
Turn   | Place    | Note
-------+----------+-------------------------------------------
     0 | D:1      | Ethylacetat the Octopode Gladiator began the quest for the
                  | Orb.
     0 | D:1      | Reached XP level 1. HP: 14/14 MP: 1/1
    83 | D:1      | Reached skill level 1 in Stealth
    83 | D:1      | Reached XP level 2. HP: 5/19 MP: 2/2
    86 | D:1      | Slain by a goblin

Illustrated notes

Levels and vault maps discovered:
D:1:      psy_arrival_whirlpool, layout_loops_cross

Skill      XL: |  1 |
---------------+----+-----
Stealth        | 1 |  1.1
Fighting       | |  2.2
Long Blades    | |  3.1
Throwing       | |  2.0
Dodging        | |  3.2

Action                     || total
---------------------------++-------
  Melee: Long sword        ||    13
         Constrict         ||     5
         Tentacles         ||     3
   Stab: Sleeping          ||     2
 Armour: Skin              ||     2
  Dodge: Dodged            ||    19

Table legend: (Time is in decaauts)
 A = Elapsed time spent in this place.
 B = Non-inter-level travel time spent in this place.
 C = Inter-level travel time spent in this place.
 D = Time resting spent in this place.
 E = Time spent auto-exploring this place.
 F = Levels seen in this place.
 G = Mean time per level.
                   A        B        C        D        E       F      G
               +--------+--------+--------+--------+--------+-----+--------+
         Total |     89 |     89 |      0 |      0 |     51 |   1 |   89.0 |
       Dungeon |     89 |     89 |      0 |      0 |     51 |   1 |   89.0 |
               +--------+--------+--------+--------+--------+-----+--------+

Top non-repeatable levels by time:
     D:1: 89 daAuts
